 Dungeon Crawl Stone Soup version 0.29.1-1-gd02db6906a (webtiles) character file.

Game seed: 1142527885585537667

1332 LustLizard the Skirmisher (level 8, -4/42 HPs)
             Began as a Spriggan Hunter on Oct 21, 2022.
             Was a Follower of Dithmenos.
             Shot with an arrow by a centaur (11 damage)
             ... on level 7 of the Dungeon.
             The game lasted 00:10:00 (7269 turns).

LustLizard the Skirmisher (Spriggan Hunter)         Turns: 7269, Time: 00:10:00

Health: -4/42      AC:  3    Str:  7    XL:     8   Next: 34%
Magic:  9/9        EV: 18    Int: 11    God:    Dithmenos [*.....]
Gold:   470        SH:  0    Dex: 26    Spells: 5/7 levels left

rFire   . . .      SeeInvis +   a - +0 shortbow
rCold   . . .      Faith    .   (shield currently unavailable)
rNeg    . . .      Spirit   .   c - +0 robe
rPois   .          Reflect  .   (helmet restricted)
rElec   .          Harm     .   G - +0 cloak
rCorr   +          Rampage  .   (gloves unavailable)
Will    +....                   (boots unavailable)
Stlth   +++++.....              (no amulet)
HPRegen 0.14/turn               e - +6 ring of dexterity
MPRegen 0.11/turn               k - ring of resist corrosion

@: hasted, wreathed by umbra, very quick
A: very small, no large weapons, unfitting armour, see invisible, speed 3
a: Renounce Religion


You were on level 7 of the Dungeon.
You worshipped Dithmenos.
Dithmenos was aware of your devotion.
You visited 2 branches of the dungeon, and saw 8 of its levels.

You collected 470 gold pieces.

Inventory:

Hand Weapons
 a - a +0 shortbow (weapon)
 m - the +6 whip of Uskayaw's Hatred {freeze, Will+}
   (You found it on level 2 of the Dungeon)

   It freezes those it strikes, dealing additional cold damage.
   It can also slow down cold-blooded creatures.
   Will:      It increases your willpower.
 s - the +7 mace of Ashenzari, Destroying {holy, Dex+3 SInv}
   (You found it on level 3 of the Dungeon)

   It has been blessed by the Shining One to cause great damage to the undead
   and demons.
   Dex:       It affects your dexterity (+3).
   SInv:      It lets you see invisible.
Armour
 c - a +0 robe (worn)
 G - a +0 cloak (worn)
Jewellery
 e - a +6 ring of dexterity (left hand)
 h - a ring of protection from cold
 k - a ring of resist corrosion (right hand)
 p - a ring of flight
 z - a ring of magical power
 B - a ring of ice
Wands
 x - a wand of flame (7)
 y - a wand of polymorph (11)
 C - a wand of acid (7)
 F - a wand of roots (8)
Scrolls
 b - a scroll of immolation
 f - a scroll of teleportation {unknown}
 g - a scroll of blinking {unknown}
 i - 2 scrolls of torment {unknown}
 j - 4 scrolls of amnesia {unknown}
 l - 4 scrolls of enchant weapon {unknown}
 t - a scroll of butterflies {unknown}
 u - a scroll of brand weapon {unknown}
 w - 4 scrolls of summoning {unknown}
 A - 4 scrolls of identify
Potions
 d - 2 potions of haste
 n - 4 potions of curing
 o - a potion of might
 q - a potion of brilliance
 r - 3 potions of heal wounds
 v - a potion of mutation
 D - a potion of lignification {unknown}
 E - a potion of attraction {unknown}


   Skills:
 + Level 4.3 Fighting
 * Level 8.2 Ranged Weapons
 - Level 2.6 Dodging
 + Level 7.9 Stealth
 - Level 2.0 Translocations


You had 5 spell levels left.
You knew the following spells:

 Your Spells              Type           Power      Damage    Failure   Level
a - Blink                 Tloc           8%         N/A       24%         2

Your spell library contained the following spells:

 Spells                   Type           Power      Damage    Failure   Level
 Static Discharge         Conj/Air       0%         3-3/arc   47%         2
 Dispel Undead            Necr           0%         3d6       98%         4
 Sticky Flame             Conj/Fire      0%         2d3       98%         4
 Manifold Assault         Tloc           4%         N/A       99%         5
 Storm Form               Tmut/Air       0%         N/A       100%        7
 Chain Lightning          Conj/Air       0%         N/A       100%        9
 Fire Storm               Conj/Fire      0%         5d1       100%        9
 Shatter                  Erth           0%         3d5*      100%        9


Dungeon Overview and Level Annotations

Branches:
Dungeon (7/15)             Temple (1/1) D:4

Altars:
Ashenzari
Cheibriados
Dithmenos
Fedhas
Gozag
Hepliaklqana
Nemelex Xobeh
Qazlal
Ru
Vehumet
Wu Jian
Xom
Yredelemnul
Zin
The Shining One

Shops:
D:6 *


Innate Abilities, Weirdness & Mutations

You are very small and have problems with some larger weapons.
You are too small for most types of armour.
You have supernaturally acute eyesight. (SInv)
You cover ground extremely quickly. (Speed+++)


Message History

The kobold brigand throws a poisoned dart.
The poisoned dart hits you!
You are poisoned.
Unknown command.
You shoot an arrow. The arrow hits the kobold brigand.
The kobold brigand is severely wounded.
You feel very sick.
A necrophage comes into view.
You shoot an arrow. The arrow hits the kobold brigand!
You kill the kobold brigand!
Dithmenos accepts your kill.
You feel sick.
You hear a shout!
A centaur comes into view.
You shoot an arrow. The arrow hits the necrophage!
The necrophage is moderately damaged.
You feel sick.
The centaur wields a +0 shortbow.
The centaur shoots an arrow.
The arrow barely misses you.
You shoot an arrow.
The arrow completely misses the necrophage.
You feel sick.
You feel sick.
The centaur shoots an arrow.
The arrow hits you!
You shoot an arrow.
The arrow closely misses the necrophage.
You feel sick.
You shoot an arrow. The arrow hits the necrophage.
The necrophage is heavily damaged.
You feel sick.
The centaur shoots an arrow.
The arrow hits you!
* * * LOW HITPOINT WARNING * * *
You are too injured to fight recklessly!
Unknown command.
Fire: a) +0 shortbow
Press: ? - help, Q - select action, (/) - cycle Shift-Dir - straight line, p - necrophage
Okay, then.
Okay, then.
You feel yourself speed up.
You feel sick.
You are no longer poisoned.
The centaur shoots an arrow.
The arrow hits you!
You die...

...................#
...........<.......#
...................#
...................#
...................#
.[<................#
.[.....†...........##
.####.....######....#
[# #.....# #@...+ .#
#.....# #....# .#
#.....# +n...# .#
#.....# #....# .#
#.....# #...c# .#
#.....# #...)# ##
#.....# ###.... .....
......


You could see a necrophage and a centaur.

Vanquished Creatures
  An ice beast (D:6)
  2 phantoms
  A kobold brigand (D:7)
  4 scorpions
  2 necrophages
  2 hounds (D:6)
  4 iguanas
  Terence (D:2)
  Crazy Yiuf (D:6)
  Natasha (twice) (D:4)
  4 orc wizards
  Robin (D:2)
  8 adders
  6 gnolls
  2 shadow imps (D:6)
  2 white imps (D:6)
  2 ufetubi
  4 worms
  A dart slug (D:1)
  16 orcs
  2 ball pythons
  6 endoplasms
  3 giant cockroaches
  13 goblins
  13 hobgoblins
  3 jackals (D:5)
  4 quokkas
  6 bats
  A frilled lizard (D:2)
  8 kobolds
  4 rats
129 creatures vanquished.

Notes
Turn   | Place    | Note
-------+----------+-------------------------------------------
     0 | D:1      | LustLizard the Spriggan Hunter began the quest for the Orb.
     0 | D:1      | Reached XP level 1. HP: 10/10 MP: 2/2
    90 | D:1      | Found a faded altar of an unknown god.
   126 | D:1      | Reached XP level 2. HP: 15/15 MP: 3/3
   775 | D:2      | Reached XP level 3. HP: 13/18 MP: 4/4
  1414 | D:2      | Identified the +6 whip of Uskayaw's Hatred {freeze, Will+}
  1478 | D:2      | Noticed Terence
  1599 | D:2      | Killed Terence
  1600 | D:2      | Reached XP level 4. HP: 10/23 MP: 5/5
  1844 | D:2      | Reached skill level 5 in Ranged Weapons
  2351 | D:2      | Noticed Robin
  2372 | D:2      | Killed Robin
  2373 | D:2      | Reached XP level 5. HP: 21/27 MP: 6/6
  2768 | D:3      | Identified the +7 mace of Ashenzari, Destroying {holy,
                  | Dex+3 SInv}
  3661 | D:4      | Reached XP level 6. HP: 32/32 MP: 7/7
  3695 | D:4      | Learned a level 2 spell: Blink
  3729 | D:4      | Found a staircase to the Ecumenical Temple.
  3735 | D:4      | Noticed Natasha
  3739 | Temple   | Entered the Ecumenical Temple
  3857 | Temple   | Became a worshipper of Dithmenos the Shadowed
  3882 | D:4      | Killed Natasha
  3883 | D:4      | Reached skill level 6 in Ranged Weapons
  4066 | D:4      | Reached skill level 5 in Stealth
  4066 | D:4      | Reached skill level 1 in Translocations
  4153 | D:4      | Found a shimmering altar of Xom.
  4153 | D:4      | Found a sparkling altar of Nemelex Xobeh.
  4466 | D:4      | Found a broken altar of Ashenzari.
  4466 | D:4      | Found an ornate altar of the Wu Jian Council.
  4467 | D:4      | Found an opulent altar of Gozag.
  4641 | D:4      | Noticed Natasha
  4643 | D:4      | Killed Natasha
  4733 | D:4      | Reached XP level 7. HP: 36/36 MP: 8/8
  4881 | D:5      | Entered Level 5 of the Dungeon
  5010 | D:5      | Identified the +1 pair of boots of Yvatoned {SInv}
  5687 | D:5      | Reached skill level 7 in Ranged Weapons
  6057 | D:6      | Reached * piety under Dithmenos
  6193 | D:6      | Found a runed translucent door.
  6194 | D:6      | Noticed Crazy Yiuf
  6625 | D:6      | Reached XP level 8. HP: 42/42 MP: 9/9
  6765 | D:6      | Found With's Lightly-Used Armoury.
  7018 | D:6      | Killed Crazy Yiuf
  7084 | D:7      | Reached skill level 8 in Ranged Weapons
  7269 | D:7      | Shot with an arrow by a centaur

Illustrated notes

Levels and vault maps discovered:
D:1:      saegor_arrival_under_anarchy, layout_loops_ring,
          shapermc_ecumenical_altar_starsandcircs, nrook_campfire,
          due_unseen_surprise
D:2:      minmay_evil_eye, layout_loops_cross, minmay_pentomino_v2, uniq_robin,
          uniq_terence
D:3:      layout_loops_ring
D:4:      layout_basic, jmf_multi_god_temple, nicolae_overflow_hidden_temple,
          minmay_temple_entry_drinking_statues, uniq_natasha
D:5:      layout_loops_corners
D:6:      layout_loops_ring, st_stairs_6, minmay_shop_damaged,
          uniq_crazy_yiuf_cottage
D:7:      layout_gridville, uniq_pikel
Temple:   bh_familiar_temple

Skill      XL: |  1  2  3  4  5  6  7  8 |
---------------+-------------------------+-----
Stealth        | 2 3 4 5 7 |  7.9
Fighting       | 2 3 4 |  4.3
Ranged Weapons | 5 6 7 8 |  8.2
Translocations | 2 |  2.0
Dodging        | |  2.6

Action                   |  1- 3 |  4- 6 |  7- 9 || total
-------------------------+-------+-------+-------++-------
 Fire: Shortbow          |   103 |   191 |   199 ||   493
  Use: Scroll            |       |     5 |       ||     5
       Potion            |       |       |     1 ||     1
Armor: Robe              |     5 |     2 |     3 ||    10
Dodge: Dodged            |    41 |    53 |   101 ||   195
